 Dungeon Sprint DCSS version 0.19.0-11-g3fc08b3 (webtiles) character file.

1342 equalderp2856 the Ripper (level 8, -1/40 HPs)
             Began as a Felid Fighter on Nov 8, 2016.
             Slain by a centaur warrior (7 damage)
             ... in the Dungeon (Sprint IX: "|||||||||||||||||||||||||||||").
             The game lasted 00:02:31 (795 turns).

equalderp2856 the Ripper (Felid Fighter)             Turns: 795, Time: 00:02:32

Health: -1/40      AC:  4    Str: 14    XL:     8   Next: 35%
Magic:  9/9        EV: 29    Int: 12    God:
Gold:   0          SH:  0    Dex: 16    Spells: 0 memorised, 7 levels left
                                        Lives:  0   Deaths: 2

rFire  . . .     SeeInvis +       - Unarmed
rCold  . . .     Gourm    .     (armour unavailable)
rNeg   . . .     Faith    .     (shield unavailable)
rPois  .         Spirit   .     (helmet unavailable)
rElec  .         Reflect  .     (cloak unavailable)
rCorr  .         Harm     .     (gloves unavailable)
MR     +....     NoTele   +     (boots unavailable)
Stlth  ++++......               (no amulet)
                                n - +3 ring of intelligence
                                m - +2 ring of protection

@: quick
A: no armour, no weapons or thrown items, stealth, claws 1, fangs 3, see
invisible, carnivore 3, speed 1, shaggy fur 2, slow metabolism 1, sharp paws
a: no special abilities


You were in the Dungeon.
You were not hungry.

You visited 1 branch

Inventory:

Jewellery
 m - a +2 ring of protection (left paw)
 n - a +3 ring of intelligence (right paw)
Wands
 l - a wand of lightning (7/15)
Scrolls
 h - 2 scrolls of blinking
 j - 3 scrolls of remove curse
 k - 2 scrolls of amnesia
Potions
 a - 2 potions of agility {unknown}
 c - a potion of invisibility
 e - a potion of haste
 f - 4 potions of magic
 g - a potion of berserk rage
 i - 4 potions of curing
Comestibles
 b - a meat ration


   Skills:
 + Level 7.8 Fighting
 + Level 13.2 Dodging
 + Level 6.4 Stealth
 + Level 15.4 Unarmed Combat


You had 7 spell levels left.
You didn't know any spells.

Dungeon Overview and Level Annotations

Branches:
Dungeon (1/1)

Altars:
Cheibriados
Dithmenos
Elyvilon
Fedhas
Gozag
Hepliaklqana
Kikubaaqudgha
Makhleb
Nemelex Xobeh
Okawaru
Qazlal
Ru
Sif Muna
Trog
Uskayaw
Vehumet
Xom
Yredelemnul
Zin
The Shining One
Beogh
Jiyva
Lugonu


Innate Abilities, Weirdness & Mutations

You cannot wear armour.
You are incapable of wielding weapons or throwing items.
Your paws allow you to move quietly. (Stealth)
You have sharp claws.
You have razor-sharp teeth.
You have supernaturally acute eyesight. (SInv)
You are carnivorous and can eat meat at any time.
You cover ground quickly.
You are covered in thick fur. (AC +2)
You have a slow metabolism.
Your sharp claws are effective at attacking unaware monsters.


Message History

You claw the orc warrior!
You kill the orc warrior!
Items here: ( ))))))) [ † You see here an uncursed staff of energy.
There is an open door here.
There is a glowing golden altar of the Shining One here.
There is a glowing silver altar of Zin here.
There is a basalt altar of Yredelemnul here.
There is a shimmering altar of Xom here.
The centaur warrior shouts!
You mangle the centaur warrior!!
The centaur warrior is moderately wounded.
The centaur warrior completely misses you.
You scratch the centaur warrior.
The centaur warrior is heavily wounded.
The centaur warrior barely misses you.
You barely miss the centaur warrior.
The centaur warrior is heavily wounded.
The centaur warrior hits you!
You die...

▓.▓|▓
▓.▓.▓
▓.▓.▓
▓.▓'▓
▓.▓.▓
▓.▓_▓
▓.▓_▓
▓.▓_▓
▓.▓@▓
▓.▓c▓
▓.▓_▓
▓.▓_▓
▓.▓_▓
▓.▓_▓
▓.▓_▓
▓.▓_▓
▓.▓_▓


You could see a centaur warrior.

Vanquished Creatures
  Urug (D)
  A cyclops (D)
  A manticore (D)
  A troll (D)
  A phantom (D)
  An orc warrior (D)
  An ice beast (D)
  An ogre (D)
  A big kobold (D)
  An iguana (D)
  3 worker ants (D)
  An adder (D)
  A shadow imp (D)
  An adder skeleton (D)
  2 bats (D)
  2 goblins (D)
  A kobold (D)
  A giant cockroach zombie (D)
22 creatures vanquished.

Vanquished Creatures (others)
  A spatial maelstrom (D)
1 creature vanquished.

Grand Total: 23 creatures vanquished

Notes
Turn   | Place    | Note
-------+----------+-------------------------------------------
     0 | D        | equalderp2856 the Felid Fighter began the quest for the Orb.
     0 | D        | Reached XP level 1. HP: 10/10 MP: 2/2
    22 | D        | Noticed a worker ant
    22 | D        | Noticed a worker ant
    22 | D        | Noticed a worker ant
    31 | D        | Killed a worker ant
    31 | D        | Reached skill level 5 in Dodging
    31 | D        | Reached skill level 1 in Stealth
    31 | D        | Reached skill level 6 in Unarmed Combat
    31 | D        | Reached XP level 2. HP: 10/15 MP: 3/3
    31 | D        | Reached XP level 3. HP: 12/18 MP: 4/4
    45 | D        | Reached skill level 7 in Unarmed Combat
    48 | D        | Reached XP level 4. HP: 11/22 MP: 5/5
    77 | D        | Banished a spatial maelstrom
   272 | D        | Found a roughly hewn altar of Beogh.
   272 | D        | Found a snail-covered altar of Cheibriados.
   272 | D        | Found a shadowy altar of Dithmenos.
   272 | D        | Found a white marble altar of Elyvilon.
   272 | D        | Found a blossoming altar of Fedhas.
   272 | D        | Found an opulent altar of Gozag.
   273 | D        | Found a hazy altar of Hepliaklqana.
   274 | D        | Found a viscous altar of Jiyva.
   275 | D        | Found an ancient bone altar of Kikubaaqudgha.
   276 | D        | Found a corrupted altar of Lugonu.
   277 | D        | Found a burning altar of Makhleb.
   278 | D        | Found a sparkling altar of Nemelex Xobeh.
   279 | D        | Found an iron altar of Okawaru.
   280 | D        | Found a stormy altar of Qazlal.
   281 | D        | Found a sacrificial altar of Ru.
   282 | D        | Found a deep blue altar of Sif Muna.
   283 | D        | Found a bloodstained altar of Trog.
   284 | D        | Found a hide-covered altar of Uskayaw.
   285 | D        | Found a radiant altar of Vehumet.
   286 | D        | Found a shimmering altar of Xom.
   287 | D        | Found a basalt altar of Yredelemnul.
   288 | D        | Found a glowing silver altar of Zin.
   289 | D        | Found a glowing golden altar of the Shining One.
   317 | D        | Noticed a phantom
   317 | D        | Noticed an ogre
   317 | D        | Noticed a big kobold
   317 | D        | Noticed an ice beast
   324 | D        | Killed an ice beast
   324 | D        | Reached skill level 5 in Fighting
   324 | D        | Reached skill level 9 in Unarmed Combat
   324 | D        | Reached XP level 5. HP: 18/26 MP: 6/6
   396 | D        | Reached skill level 10 in Unarmed Combat
   420 | D        | Killed an ogre
   420 | D        | Gained mutation: You are covered in thick fur. (AC +2) [Felid growth]
   420 | D        | Reached XP level 6. HP: 17/31 MP: 7/7
   492 | D        | Reached skill level 11 in Unarmed Combat
   530 | D        | Reached skill level 10 in Dodging
   570 | D        | Noticed a troll
   570 | D        | Noticed a cyclops
   570 | D        | Noticed a manticore
   570 | D        | Noticed an orc warrior
   570 | D        | Noticed a centaur warrior
   587 | D        | Slain by a centaur warrior
   588 | D        | Reached XP level 5. HP: -1/28 MP: 6/6
   623 | D        | Noticed Urug
   634 | D        | Killed Urug
   634 | D        | Reached skill level 5 in Stealth
   634 | D        | Reached skill level 13 in Unarmed Combat
   634 | D        | Reached XP level 6. HP: 33/33 MP: 7/7
   634 | D        | Reached XP level 7. HP: 36/36 MP: 8/8
   722 | D        | Killed a troll
   722 | D        | Reached skill level 14 in Unarmed Combat
   722 | D        | Reached XP level 8. HP: 35/40 MP: 9/9
   724 | D        | Hit by a large rock thrown by a cyclops
   725 | D        | Reached XP level 7. HP: -11/36 MP: 8/8
   743 | D        | Killed a cyclops
   746 | D        | Killed a manticore
   746 | D        | Reached skill level 15 in Unarmed Combat
   746 | D        | Reached XP level 8. HP: 24/40 MP: 9/9
   795 | D        | Slain by a centaur warrior

Skill      XL: |  1  2  3  4  5  6  7 |
---------------+----------------------+-----
Dodging        | 5 6 7 11 10 13 | 13.2
Stealth        | 1 2 5 6 |  6.4
Unarmed Combat | 6 7 9 13 11 15 | 15.4
Fighting       | 4 5 7 |  7.8

Action                   |  1- 3 |  4- 6 |  7- 9 || total
-------------------------+-------+-------+-------++-------
Melee: Unarmed           |    34 |    56 |    35 ||   125
       Bite              |     7 |    10 |     4 ||    21
       Punch             |       |     1 |     1 ||     2
  Use: Potion            |     2 |     3 |       ||     5
 Stab: Sleeping          |     1 |     1 |       ||     2
Armor: Skin              |     1 |     3 |     1 ||     5
Dodge: Dodged            |    26 |    47 |    27 ||   100
